Map: Acid Plant LE

Players

Alchemy - Winner!

  • Race: Protoss Protoss
  • League: Gold
  • Spawn Location: 11:00

TKF

  • Race: Zerg Zerg
  • Spawn Location: 5:00

VOD

Have the link to the VOD?

Description

Time

  • Played on: April 1, 2018, 4:41 p.m.
  • Length: 16:15
Show
View Real Time Build Order
Export as new Build Order

Alchemy Protoss - Winner!

Build Orders: 1 Gate Expand 

Get SALT Encoding   

  12  0:01  Probe  
  13  0:13  Probe  
  14  0:25  Probe  
  14  0:27  Pylon  
  15  0:45  Probe  
  15  0:49  Gateway  
  16  0:57  Probe  
  16  1:01  Assimilator  
  17  1:09  Probe  
  18  1:21  Probe  
  19  1:26  Nexus  
  19  1:33  Probe  
  20  1:40  Cybernetics Core  
  20  1:45  Probe  
  21  1:57  Probe  
  21  1:58  Assimilator  
  22  2:01  Pylon  
  22  2:10  Probe  
  23  2:16  Warp Gate  
  23  2:19  Adept (Chrono Boost)  
  25  2:29  Probe  
  25  2:40  Pylon  
  25  2:42  Probe  
  25  2:43  Adept (Chrono Boost)  
  28  2:45  Probe  
  29  2:54  Probe  
  29  2:57  Probe  
  31  3:06  Probe  
  31  3:07  Adept (Chrono Boost)  
  31  3:09  Probe  
  31  3:10  Gateway  
  35  3:16  Stargate  
  35  3:18  Probe  
  36  3:21  Probe  
  37  3:30  Probe  
  32  3:44  Adept (Chrono Boost)  
  30  3:57  Probe x2  
  29  4:03  Adept  
  29  4:09  Probe x2  
  32  4:11  Oracle (Chrono Boost)  
  35  4:21  Probe x2  
  37  4:25  Adept  
  37  4:30  Adept  
  41  4:33  Probe  
  41  4:34  Pylon  
  41  4:37  Twilight Council  
  42  4:53  Adept  
  42  4:55  Probe  
  42  4:56  Probe  
  40  5:08  Probe x2  
  40  5:14  Gateway  
  42  5:20  Probe x2  
  44  5:25  Assimilator, Charge (Chrono Boost)  
  44  5:29  Assimilator  
  44  5:32  Probe, Zealot x2  
  49  5:50  Probe x2  
  51  5:57  Adept x2  
  51  6:02  Probe  
  56  6:15  Probe x2  
  58  6:24  Phoenix  
  60  6:29  Probe x2  
  62  6:39  Pylon  
  62  6:41  Probe  
  62  6:43  Pylon  
  59  7:09  Resonating Glaives (Chrono Boost)  
  59  7:27  Gateway  
  59  7:41  Nexus  
  59  7:44  Pylon  
  59  7:47  Zealot x2  
  59  7:48  Zealot  
  65  8:00  Probe x2  
  70  8:08  Zealot x3  
  70  8:12  Probe x2  
  75  8:13  Templar Archives  
  75  8:15  Pylon  
  75  8:22  Gateway  
  75  8:24  Gateway  
  75  8:27  Gateway  
  75  8:36  Zealot x3  
  75  8:37  Zealot  
  75  8:38  Psionic Storm  
  83  8:51  Forge  
  83  8:52  Forge  
  83  8:54  Probe x2  
  83  8:55  Probe  
  86  8:56  Pylon  
  86  9:06  Probe  
  67  9:44  Protoss Ground Weapons Level 1 (Chrono Boost)  
  67  9:46  Protoss Ground Armor Level 1 (Chrono Boost)  
  67  9:48  Zealot x5  
  67  9:49  Robotics Facility, Zealot x2  
  81  9:55  Probe x3  
  84  10:07  Probe x3  
  86  10:09  Zealot  
  86  10:10  Zealot x3  
  86  10:13  High Templar x2  
  86  10:14  High Templar  
  101  10:33  Warp Prism (Chrono Boost)  
  103  10:48  Probe  
  103  10:49  Probe x2  
  106  10:54  Assimilator  
  106  10:58  Assimilator, High Templar x3  
  106  10:59  Adept  
  106  11:00  Adept  
  116  11:06  Robotics Bay, Immortal  
  116  11:08  Pylon  
  98  11:26  Pylon  
  98  11:34  Protoss Ground Armor Level 2 (Chrono Boost), Protoss Ground Weapons Level 2 (Chrono Boost)  
  98  11:50  Nexus  
  98  11:52  Pylon  
  98  12:13  Colossus (Chrono Boost)  
  98  12:15  Extended Thermal Lance (Chrono Boost)  
  104  12:24  Robotics Facility  
  104  12:29  Forge  
  104  12:34  Gateway  
  104  12:35  Gateway  
  104  12:43  Gateway  
  104  12:44  Gateway  
  104  12:46  Gateway  
  104  12:50  Pylon  
  104  12:53  Pylon  
  104  12:56  Gateway  
  104  12:57  Colossus (Chrono Boost)  
  104  12:59  Gateway  
  104  13:03  Gateway  
  110  13:09  Colossus (Chrono Boost)  
  106  13:35  Probe x4  
  110  13:41  Immortal (Chrono Boost)  
  110  13:47  Probe x4  
  118  13:50  Gravitic Drive (Chrono Boost)  
  118  13:53  Immortal (Chrono Boost)  
  122  14:01  Zealot x5  
  122  14:02  Zealot x3  
  138  14:03  Zealot  
  138  14:04  Zealot x2  
  138  14:05  Adept  
  138  14:06  Adept x3  
  120  14:25  Probe x3  
  120  14:26  Probe  
  120  14:29  Colossus x2  
  132  14:36  Zealot  
  132  14:37  Probe x2, Zealot x5  
  132  14:38  Probe x2, Zealot x2  
  152  14:39  Adept x2  
  152  14:40  Adept x3  
  152  14:41  Adept x2  
  166  15:23  Immortal  
  170  15:37  Pylon  
  170  15:40  Pylon  
  170  15:43  Assimilator  
  170  15:48  Assimilator  
Show
View Real Time Build Order
Export as new Build Order

TKF Zerg 

Build Orders: Pool First 

Get SALT Encoding   

  12  0:01  Drone  
  13  0:12  Overlord  
  13  0:19  Drone  
  14  0:25  Extractor, Drone  
  15  0:31  Drone  
  16  0:37  Extractor  
  15  0:45  Spawning Pool  
  15  0:48  Drone  
  15  0:56  Drone x2  
  17  1:23  Hatchery  
  16  1:26  Drone  
  17  1:37  Metabolic Boost  
  17  1:40  Zergling x2  
  17  1:41  Zergling x2  
  17  1:45  Zergling x2  
  20  1:58  Overlord  
  20  2:06  Zergling x2  
  21  2:13  Baneling Nest  
  21  2:14  Zergling x2  
  21  2:24  Queen  
  23  2:43  Queen, Drone  
  26  2:48  Zergling x6  
  29  3:00  Baneling x2  
  29  3:01  Baneling x4  
  29  3:03  Zergling x2  
  30  3:09  Drone  
  30  3:10  Drone  
  25  3:56  Zergling x10  
  25  3:57  Zergling x8  
  32  4:11  Zergling x4  
  34  4:27  Zergling x4  
  36  4:32  Overlord  
  35  4:50  Hatchery  
  28  4:59  Spore Crawler  
  23  5:03  Spore Crawler  
  22  5:08  Zergling x2  
  22  5:09  Zergling x16  
  31  5:19  Evolution Chamber  
  31  5:20  Drone  
  31  5:21  Drone  
  31  5:22  Drone x2  
  34  5:37  Drone x2  
  34  5:42  Drone x2  
  38  5:46  Baneling x4  
  38  5:48  Baneling x2  
  38  6:01  Queen  
  40  6:05  Baneling x3  
  40  6:10  Lair  
  40  6:16  Drone x2  
  42  6:33  Zergling x4  
  42  6:34  Zergling x10  
  40  6:50  Zergling x2  
  40  6:51  Zergling x10  
  46  7:01  Baneling x2  
  44  7:08  Overlord x2  
  44  7:13  Centrifical Hooks  
  44  7:18  Roach Warren  
  44  7:21  Hydralisk Den  
  42  7:25  Baneling x4  
  42  7:26  Zergling x2  
  42  7:28  Zergling x2  
  44  7:35  Overlord  
  44  7:42  Baneling x2  
  44  7:45  Drone x3  
  47  8:06  Extractor  
  47  8:09  Drone x4  
  47  8:12  Extractor  
  49  8:14  Extractor  
  49  8:16  Baneling x4  
  48  8:26  Drone x5  
  53  8:29  Spore Crawler  
  53  8:33  Drone  
  53  8:45  Drone x4  
  53  8:46  Drone  
  58  8:52  Zergling x2  
  58  8:53  Zergling x4, Hydralisk x2  
  50  9:41  Hatchery  
  49  9:49  Hydralisk x3  
  49  9:51  Zergling x2  
  56  9:53  Hatchery  
  55  10:03  Extractor  
  55  10:05  Drone x4  
  58  10:07  Drone  
  58  10:13  Baneling x2  
  58  10:14  Baneling x2  
  59  10:18  Drone  
  60  10:33  Overlord x2  
  54  10:43  Zergling x10  
  60  10:56  Zergling x14  
  60  10:57  Zergling x8  
  69  11:01  Muscular Augments  
  54  11:26  Zergling x6  
  54  11:27  Zergling x6  
  54  11:29  Queen, Drone x3  
  65  11:38  Glial Reconstitution  
  65  11:45  Roach x2  
  69  12:00  Drone x2  
  71  12:04  Zerg Missile Weapons Level 1  
  71  12:09  Evolution Chamber  
  71  12:12  Roach x6  
  71  12:13  Overlord x2  
  82  12:29  Grooved Spines  
  82  12:31  Hydralisk  
  82  12:32  Hydralisk x4  
  92  12:37  Drone x2  
  94  12:51  Roach, Hatchery  
  91  13:16  Drone x3  
  95  13:20  Drone x3  
  95  13:22  Overlord x3  
  97  13:34  Baneling x6  
  97  13:35  Baneling  
  97  13:36  Baneling  
  97  13:37  Baneling x8  
  97  13:38  Baneling x7  
  97  13:42  Roach x3  
  97  13:43  Roach  
  105  13:53  Hydralisk x2  
  105  13:54  Hydralisk x2  
  94  14:32  Zergling x6  
  94  14:33  Zergling x10  
  102  14:41  Zergling x4  
  104  14:52  Infestation Pit  
  103  15:00  Drone  
  103  15:01  Drone  
  103  15:03  Baneling x3  
  103  15:04  Baneling x6  
  105  15:07  Roach  
  105  15:08  Roach x7  
  121  15:18  Zergling x4  
  121  15:19  Zergling x10  
  128  15:36  Overlord x3  
  128  15:40  Baneling  
  128  15:41  Baneling x7  
  128  15:42  Baneling x5  
  128  15:43  Baneling  
Tags
 
Add a new tag
Caveats
  • Supply blocks, unpowered buildings, or Contaminate may cause inaccurate times.
  • Supply counts are checked every 10 seconds.